Map: Ever Dream LE

Players

Saj

  • Race: Protoss Protoss
  • League: Platinum
  • Spawn Location: 1:00

Saga - Winner!

  • Race: Protoss Protoss
  • League: Gold
  • Spawn Location: 7:00

VOD

Have the link to the VOD?

Description

Gold League Cannon Rush Defense

Time

  • Played on: July 3, 2020, 4:10 p.m.
  • Length: 8:24
Show
View Real Time Build Order
Export as new Build Order

Saj Protoss 

Build Orders:  

Get SALT Encoding   

  12  0:01  Probe  
  13  0:14  Probe  
  13  0:21  Pylon  
  14  0:26  Probe  
  15  0:51  Probe, Pylon  
  15  0:52  Forge  
  16  1:00  Probe  
  17  1:09  Probe  
  18  1:34  Photon Cannon  
  18  1:35  Photon Cannon  
  17  2:08  Gateway  
  17  2:12  Nexus  
  17  2:19  Pylon  
  17  2:24  Assimilator  
  17  2:25  Assimilator  
  17  2:28  Probe  
  18  2:40  Probe  
  19  2:47  Photon Cannon  
  19  2:52  Probe  
  19  2:58  Photon Cannon  
  20  3:02  Photon Cannon  
  20  3:08  Probe  
  21  3:16  Probe  
  21  3:23  Probe  
  21  3:26  Probe  
  21  3:27  Cybernetics Core  
  23  3:31  Probe  
  24  3:38  Probe  
  24  3:39  Photon Cannon  
  24  3:41  Probe  
  27  4:06  Probe x2  
  29  4:18  Probe x2  
  29  4:22  Pylon  
  29  4:23  Assimilator  
  31  4:25  Assimilator  
  31  4:30  Probe x2  
  33  4:44  Nexus  
  33  4:54  Probe x2  
  35  5:02  Probe x2  
  37  5:10  Probe x2, Stargate  
  37  5:14  Stargate  
  38  5:16  Stargate  
  38  5:28  Pylon  
  36  5:35  Pylon  
  33  5:39  Pylon  
  33  5:43  Photon Cannon  
  33  5:45  Photon Cannon  
  29  6:12  Void Ray  
  29  6:22  Photon Cannon  
Show
View Real Time Build Order
Export as new Build Order

Saga Protoss - Winner!

Build Orders:  

Get SALT Encoding   

  12  0:01  Probe  
  13  0:13  Probe  
  14  0:18  Pylon  
  14  0:25  Probe  
  15  0:37  Probe  
  16  0:43  Gateway  
  16  0:48  Probe  
  17  0:55  Assimilator  
  17  0:56  Probe  
  17  0:57  Assimilator  
  18  1:04  Probe  
  19  1:23  Zealot  
  21  1:39  Gateway  
  21  1:49  Pylon  
  21  2:06  Pylon  
  21  2:25  Nexus  
  21  2:36  Cybernetics Core  
  19  3:13  Pylon  
  16  3:35  Stargate  
  16  3:47  Gateway  
  16  3:53  Shield Battery  
  16  4:09  Void Ray  
  19  4:27  Assimilator  
  19  4:33  Assimilator  
  19  4:53  Void Ray  
  19  5:01  Probe  
  24  5:13  Probe  
  25  5:59  Void Ray  
  26  6:23  Cybernetics Core  
  26  6:28  Probe  
  26  6:29  Gateway x2  
  27  6:40  Probe  
  28  6:52  Probe  
  28  7:00  Probe  
  30  7:10  Probe  
  31  7:48  Pylon  
  31  7:50  Pylon  
  31  8:03  Probe  
  31  8:11  Probe  
Tags
 
Matchup
PvP
Spawn Locations
Cross Positions
Add a new tag
Caveats
  • Supply blocks, unpowered buildings, or Contaminate may cause inaccurate times.
  • Supply counts are checked every 10 seconds.